 Dungeon Crawl Stone Soup version 0.21.1-1-g345015f (webtiles) character file.

28 zishaf the Vexing (level 3, -5/26 HPs)
             Began as a Formicid Arcane Marksman on May 7, 2018.
             Was a Follower of Cheibriados.
             Slain by a worm (8 damage)
             ... on level 2 of the Dungeon.
             The game lasted 00:04:31 (1055 turns).

zishaf the Vexing (Formicid Arcane Marksman)        Turns: 1055, Time: 00:04:31

Health: -5/26      AC:  2    Str: 16    XL:     3   Next: 27%
Magic:  5/5        EV: 12    Int: 14    God:    Cheibriados [*.....]
Gold:   27         SH:  0    Dex: 14    Spells: 4/5 levels left

rFire    . . .     SeeInvis +   a - +0 hunting sling
rCold    . . .     Gourm    .   (no shield)
rNeg     . . .     Faith    .   e - +0 robe
rPois    .         Spirit   .   (helmet unavailable)
rElec    .         Reflect  .   (no cloak)
rCorr    .         Harm     .   (no gloves)
MR       .....                  (no boots)
Stlth    +.........             (no amulet)
HPRegen  0.08/turn              (no ring)
MPRegen  0.09/turn              (no ring)

@: very slow
A: permanent stasis, dig shafts and tunnels, four strong arms, antennae 3
a: Dig, Shaft Self, Bend Time, Renounce Religion


You were on level 2 of the Dungeon.
You worshipped Cheibriados.
Cheibriados was aware of your devotion.
You were not hungry.

You visited 1 branch of the dungeon, and saw 2 of its levels.

You collected 27 gold pieces.

Inventory:

Hand Weapons
 a - a +0 hunting sling (weapon)
Armour
 e - a +0 robe (worn)
Potions
 h - a potion of cancellation {unknown}
Books
 c - a book of Debilitation

   Spells                             Type                      Level
   a - Corona                         Hexes                        1
   b - Slow                           Hexes                        2
   c - Inner Flame                    Hexes/Fire                   3
   d - Portal Projectile              Hexes/Translocation          3
   e - Cause Fear                     Hexes                        4
   f - Leda's Liquefaction            Hexes/Earth                  4
Comestibles
 f - 2 rations


   Skills:
 - Level 1.1 Fighting
 * Level 3.1 Slings
 - Level 1.7 Dodging
 + Level 1.6 Spellcasting
 + Level 4.0 Hexes


You had 4 spell levels left.
You knew the following spells:

 Your Spells              Type           Power        Failure   Level  Hunger
a - Corona                Hex            ##.....      4%          1    ##.....


Dungeon Overview and Level Annotations

Branches:
Dungeon (2/15)

Altars:
Cheibriados


Innate Abilities, Weirdness & Mutations

You cannot be hasted, slowed, berserked, paralysed or teleported.
You can dig through walls and to a lower floor.
Your four strong arms can wield two-handed weapons with a shield.
You have a pair of large antennae on your head. (SInv)


Message History

Cheibriados begins to support your attributes as your movement slows.
You can now bend time to slow others.
Cheibriados slows and strengthens your metabolism.
Cheibriados raises the support of your attributes as your movement slows.
The worm misses you. The hobgoblin hits you. The hobgoblin barely misses you.
The worm barely misses you. The hobgoblin closely misses you.
The worm bites you. The hobgoblin closely misses you. The hobgoblin hits you.
* * * LOW HITPOINT WARNING * * *
The worm misses you. The hobgoblin misses you. The hobgoblin barely misses you.
The worm closely misses you. The hobgoblin hits you.
* * * LOW HITPOINT WARNING * * *
The worm bites you.
* * * LOW HITPOINT WARNING * * *
The hobgoblin closely misses you. The hobgoblin closely misses you.
The worm bites you!
You die...

###########
.......?.> ##.....#
###########.^.8..# #
#..<.(...##..8@8.##.#
#.####(......w8g....#
####...###...."##.#
...((..(.#########.#
.#######.# #.# #.#
#.# #.# #.# ####.#
#.# #....#########.#


You could see a worm and a hobgoblin.

Vanquished Creatures
  A worm (D:2)
  A dart slug (D:1)
  A leopard gecko (D:1)
  3 bats (D:1)
  A giant cockroach (D:1)
  2 goblins (D:1)
  2 hobgoblins
  5 frilled lizards (D:1)
  4 kobolds (D:1)
  4 rats (D:1)
24 creatures vanquished.

Notes
Turn   | Place    | Note
-------+----------+-------------------------------------------
     0 | D:1      | zishaf the Formicid Arcane Marksman began the quest for the Orb.
     0 | D:1      | Reached XP level 1. HP: 15/15 MP: 2/2
   150 | D:1      | Reached XP level 2. HP: 18/21 MP: 3/3
   584 | D:1      | Reached skill level 4 in Hexes
   624 | D:1      | Reached XP level 3. HP: 21/26 MP: 5/5
  1029 | D:2      | Found a faded altar of an unknown god.
  1045 | D:2      | Became a worshipper of Cheibriados the Contemplative
  1045 | D:2      | Reached * piety under Cheibriados
  1055 | D:2      | Slain by a worm

Skill      XL: |  1  2 |
---------------+-------+-----
Hexes          | 4 |  4.0
Slings         | 3 |  3.1
Fighting       | |  1.1
Dodging        | |  1.7
Spellcasting   | |  1.6

Action                   || total
-------------------------++-------
Melee: Hunting sling     ||     1
 Fire: Hunting sling     ||    96
Armor: Robe              ||    11
Dodge: Dodged            ||    47
